 Dungeon Crawl Stone Soup version 0.31.0-12-g77e489cdc1 (webtiles) character file.

Game seed: 4556539059147034686

79 sking99 the Grave Robber (level 4, 0/32 HPs)
             Began as a Vampire Necromancer on Mar 7, 2024.
             Was an Initiate of Cheibriados.
             Slain by an orc priest
             ... wielding a +0 short sword
              (3 damage)
             ... on level 3 of the Dungeon.
             The game lasted 00:06:09 (2106 turns).

sking99 the Grave Robber (Vampire Necromancer)      Turns: 2106, Time: 00:06:09

Health: 0/32       AC:  3    Str: 10    XL:     4   Next: 17%
Magic:  0/7        EV: 12    Int: 18    God:    Cheibriados [......]
Gold:   90         SH:  0    Dex: 15    Spells: 0/8 levels left

rFire   . . .        n - +3 dagger
rCold   . . .        (no shield)
rNeg    . . .        a - +0 robe
rPois   .            (no helmet)
rElec   .            l - +0 cloak
rCorr   .            (no gloves)
SInv    +            (no boots)
Will    .....        (no amulet)
Stlth   +++          (no ring)
HPRegen 0.45/turn    (no ring)
MPRegen 0.10/turn

%: no passive effects
@: healing quickly, very slow
A: alive, fangs 3, see invisible, vampiric 2
a: Exsanguinate, Renounce Religion


You were on level 3 of the Dungeon.
You worshipped Cheibriados.
Cheibriados was noncommittal.
You visited 1 branch of the dungeon, and saw 3 of its levels.

You collected 90 gold pieces.

Inventory:

Hand Weapons
 n - a +3 dagger (weapon)
Armour
 a - a +0 robe (worn)
 l - a +0 cloak (worn)
Wands
 h - a wand of quicksilver (8)
 k - a wand of flame (16)
Scrolls
 d - 2 scrolls of identify {unknown}
 j - a scroll of enchant armour {unknown}
 m - a scroll of teleportation {unknown}
Potions
 b - a potion of magic
 e - a potion of attraction {unknown}
 f - a potion of might {unknown}
 g - a potion of ambrosia {unknown}


   Skills:
 + Level 1.4 Fighting
 - Level 2.1 Dodging
 - Level 4.0 Stealth
 + Level 2.6 Spellcasting
 * Level 4.9 Necromancy
 + Level 0.6 Invocations


You couldn't memorise any spells.
You knew the following spells:

 Your Spells              Type           Power      Damage    Failure   Level
a - Necrotise             Necr           80%        1d8       2%          1
b - Vampiric Draining     Necr           20%        2d7       7%          3
c - Animate Dead          Necr           20%        N/A       22%         4

Your spell library contained the following spells:

 Spells                   Type           Power      Damage    Failure   Level
 Curse of Agony           Necr           20%        N/A       52%         5


Dungeon Overview and Level Annotations

Branches:
Dungeon (3/15)

Altars:
Cheibriados

Shops:
D:2 [!


Innate Abilities, Weirdness & Mutations

Your natural rate of healing is accelerated.
You have razor-sharp teeth.
You have supernaturally acute eyesight. (SInv)
You are afflicted with vampirism and can become a bat while bloodless.


Message History

The orc writhes in agony!
You kill the orc!
Cheibriados appreciates the change of pace.
The dead are walking!
The orc priest completely misses your orc skeleton.
Your orc skeleton hits the orc priest but does no damage.
The orc priest barely misses your orc skeleton.
Your orc skeleton misses the orc priest.
There is an open door here.
The orc priest hits your orc skeleton with a +0 short sword.
Your orc skeleton is destroyed!
You close the door.
You start resting.
An orc priest opens the door.
It is wielding a +0 short sword.
Casting: Necrotise (safe; 2% risk of failure)
Confirm with . or Enter, or press ? or * to list all spells.
Aiming: Necrotise (safe; 2% risk of failure)
Press: ? - help, Shift-Dir - straight line, f - orc priest
Aim: an orc priest, wielding a +0 short sword and wearing a +0 leather armour (chance to affect: 78%)
The orc priest writhes in agony!
Casting: Necrotise (safe; 2% risk of failure)
Confirm with . or Enter, or press ? or * to list all spells.
Aiming: Necrotise (safe; 2% risk of failure)
Press: ? - help, Shift-Dir - straight line, f/p - orc priest
Aim: an orc priest, wielding a +0 short sword and wearing a +0 leather armour (heavily wounded, chance to affect: 78%)
The orc priest barely resists.
The orc priest hits you with a +0 short sword.
* * * LOW HITPOINT WARNING * * *
Casting: Necrotise (safe; 2% risk of failure)
Confirm with . or Enter, or press ? or * to list all spells.
Aiming: Necrotise (safe; 2% risk of failure)
Press: ? - help, Shift-Dir - straight line, f/p - orc priest
Aim: an orc priest, wielding a +0 short sword and wearing a +0 leather armour (heavily wounded, chance to affect: 78%)
The orc priest writhes in agony.
The orc priest hits you with a +0 short sword.
* * * LOW HITPOINT WARNING * * *
You hit the orc priest.
The orc priest is almost dead.
The orc priest hits you with a +0 short sword.
You die...

........# #..# ........# #..#
###.###.# #..# .. ###.###.#
#..# .. . ......#.# #..#
#####.#.# ...##.#.# #..#####
#.. .... .#.##...# #......#
#.#...#.#
........###......####.#......
.#.##...........@o.....†)....
#..##.#.####.....####.#...#..
......#.####.....# #.# #...#
#...............## #Z# .#.
....###.####....# #o#
....#<.....+....# #.#
#...#.#.####....# ...
#...#..... .#+#.# #..
#...#..#### ...


You could see an orc priest.

Vanquished Creatures
  A gnoll (D:1)
  2 adders
  A dart slug (D:3)
  7 orcs (D:3)
  3 bats
  5 endoplasms
  A giant cockroach (D:3)
  4 hobgoblins (D:1)
  4 kobolds
  A quokka (D:2)
  3 ball pythons
  3 goblins
  A rat (D:1)
36 creatures vanquished.

Vanquished Creatures (collateral kills)
  A ribbon worm (D:2)
  A ball python (D:1)
  A frilled lizard (D:1)
3 creatures vanquished.

Grand Total: 39 creatures vanquished

Notes
Turn   | Place    | Note
-------+----------+-------------------------------------------
     0 | D:1      | sking99 the Vampire Necromancer began the quest for the
                  | Orb.
     0 | D:1      | Reached XP level 1. HP: 13/13 MP: 3/3
   329 | D:1      | Reached XP level 2. HP: 20/20 MP: 3/5
   548 | D:1      | Reached skill level 1 in Fighting
   771 | D:2      | Found a faded altar of an unknown god.
   863 | D:2      | Gained mutation: You are afflicted with vampirism and can
                  | become a bat while bloodless. [Vampire growth]
   863 | D:2      | Reached XP level 3. HP: 26/26 MP: 3/6
  1060 | D:2      | Found a snail-covered altar of Cheibriados.
  1065 | D:2      | Became a worshipper of Cheibriados the Contemplative
  1073 | D:2      | Learned a level 3 spell: Vampiric Draining
  1077 | D:2      | Found Daisem's Distillery.
  1302 | D:2      | Found Edanats's Antique Armour Boutique.
  1800 | D:3      | Reached XP level 4. HP: 15/32 MP: 0/7
  1873 | D:3      | Learned a level 4 spell: Animate Dead
  2106 | D:3      | Slain by an orc priest

Illustrated notes

Levels and vault maps discovered:
D:1:      elethiomel_arrival_shortcut, layout_basic
D:2:      layout_basic, serial_shops, shop, nicolae_shop_real_fake_doors,
          hellmonk_ecumenical_altar_lost_god, basic_altar
D:3:      layout_basic, mainiacjoe_overflow_swirl, st_stairs_7,
          hangedman_abyss_or_decor_lesser_grid, nrook_loot_triangle,
          minmay_shallow_snake_nest

Skill      XL: |  1  2  3 |
---------------+----------+-----
Fighting       | 1 |  1.4
Stealth        | 4 |  4.0
Dodging        | |  2.1
Spellcasting   | |  2.6
Necromancy     | |  4.9
Invocations    | |  0.6

Action                     |  1- 3 |  4- 6 || total
---------------------------+-------+-------++-------
  Melee: Dagger            |    15 |     1 ||    16
         Punch             |     1 |       ||     1
         Bite              |     1 |       ||     1
   Cast: Necrotise         |    67 |    13 ||    80
 Armour: Robe              |    12 |     4 ||    16
  Dodge: Dodged            |    15 |       ||    15
